 Dungeon Crawl Stone Soup version 0.28.0-47-ge53b351184 (webtiles) character file.

Game seed: 6417043235584011711

367 nickcage the Frost Mage (level 6, -12/32 HPs)
             Began as a Deep Elf Ice Elementalist on May 2, 2022.
             Killed by divine providence
             ... invoked by an orc priest
              (13 damage)
             ... on level 4 of the Dungeon.
             The game lasted 00:15:46 (4832 turns).

nickcage the Frost Mage (Deep Elf Ice Elementalist) Turns: 4832, Time: 00:15:47

Health: -12/32     AC:  3    Str:  5    XL:     6   Next: 41%
Magic:  13/14      EV: 12    Int: 22    God:
Gold:   218        SH:  0    Dex: 15    Spells: 2/13 levels left

rFire   . . .      SeeInvis .   t - +2 mace (holy)
rCold   . . .      Faith    .   (no shield)
rNeg    . . .      Spirit   .   a - +0 robe
rPois   .          Reflect  .   o - +0 helmet
rElec   .          Harm     .   k - scarf {repulsion}
rCorr   .          Rampage  .   (no gloves)
Will    .....                   (no boots)
Stlth   ++........              (no amulet)
HPRegen 0.10/turn               (no ring)
MPRegen 0.14/turn               (no ring)

@: repel missiles
A: no striking features
a: no special abilities


You were on level 4 of the Dungeon.
You visited 1 branch of the dungeon, and saw 4 of its levels.

You collected 218 gold pieces.

Inventory:

Hand Weapons
 c - a +0 dagger
 t - a +2 mace of holy wrath (weapon)
Missiles
 r - 8 boomerangs
Armour
 a - a +0 robe (worn)
 k - a scarf of repulsion (worn)
 o - a +0 helmet (worn)
Scrolls
 d - 2 scrolls of identify {unknown}
 i - 3 scrolls of enchant armour {unknown}
 l - 2 scrolls of noise {unknown}
 s - a scroll of fear {unknown}
Potions
 b - a potion of resistance {unknown}
 e - a potion of berserk rage {unknown}
 f - a potion of brilliance {unknown}
 g - a potion of invisibility {unknown}
 h - 2 potions of curing {unknown}
 j - 2 potions of attraction {unknown}
 m - a potion of flight {unknown}
 n - a potion of heal wounds {unknown}
 p - a potion of might {unknown}
 q - a potion of haste {unknown}


   Skills:
 - Level 2.4 Dodging
 - Level 2.4 Stealth
 - Level 4.0 Spellcasting
 * Level 1.4 Conjurations
 + Level 8.0 Ice Magic


You had 2 spell levels left.
You knew the following spells:

 Your Spells              Type           Power      Damage    Failure   Level
a - Freeze                Ice            100%       1d11      1%          1
b - Frozen Ramparts       Ice            78%        1d9       1%          3
c - Ozocubu's Armour      Ice            39%        N/A       1%          3
d - Hailstorm             Conj/Ice       25%        3d7       16%         4

Your spell library contained the following spells:

 Spells                   Type           Power      Damage    Failure   Level


Dungeon Overview and Level Annotations

Branches:
Dungeon (4/15)
 Temple: D:4-7

Altars:
Okawaru

Shops:
D:3 ?


Message History

The scorpion is heavily wounded.
The wall freezes the orc.
The wall freezes the scorpion.
The scorpion closely misses you.
The wall freezes the orc priest!
You freeze the scorpion!
You kill the scorpion!
The wall freezes the orc.
The wall freezes the orc priest.
You kill the orc priest!
Your Ice Magic skill increases to level 8!
You freeze the orc.
You kill the orc!
You start resting.
The frozen ramparts melt away.
You start resting.
HP restored.
You start resting.
Your icy armour starts to melt.
Your icy armour cracks and falls away as you move.
Items here: )) [ ÷ †.
Things that are here:
a +0 flail; an orc corpse
Items here: )) [ ÷ †.
There is a stone staircase leading down here.
Magic restored.
Done exploring.
Welcome back, nickcage the Deep Elf Ice Elementalist.
Press ? for a list of commands and other information.
Done exploring.
You climb downwards.
The giant cockroach barely misses you.
The orc priest mumbles some strange prayers to Beogh against you.
Pain shoots through your body! The giant cockroach closely misses you.
There is a stone staircase leading up, spattered with blood here.
You freeze the giant cockroach.
You kill the giant cockroach!
The orc priest mumbles some strange prayers to Beogh against you.
Beogh smites you!
Ouch! That really hurt!
* * * LOW HITPOINT WARNING * * *
The orc priest invokes the aid of Beogh against you.
Beogh smites you!
You die...

.........####.###
............#...
.............>##
............##
....#.....#
...o#....(##
#..>.)..#
#.......#
#..@....#
##...$.## ##...##
#####


You could see an orc priest.

Vanquished Creatures
  A centaur (D:4)
  A scorpion (D:3)
  2 orc priests (D:3)
  An orc wizard (D:3)
  4 adders
  4 worms
  3 dart slugs
  7 orcs
  6 endoplasms
  2 giant cockroaches
  8 goblins
  8 hobgoblins
  10 kobolds
  5 quokkas
  9 ball pythons
  4 bats
  4 frilled lizards
  13 rats
92 creatures vanquished.

Notes
Turn   | Place    | Note
-------+----------+-------------------------------------------
     0 | D:1      | nickcage the Deep Elf Ice Elementalist began the quest for
                  | the Orb.
     0 | D:1      | Reached XP level 1. HP: 10/10 MP: 6/6
   111 | D:1      | Found a faded altar of an unknown god.
   193 | D:1      | Reached XP level 2. HP: 15/15 MP: 4/8
   474 | D:1      | Reached skill level 5 in Ice Magic
   999 | D:1      | Reached XP level 3. HP: 19/19 MP: 10/10
  1039 | D:1      | Learned a level 3 spell: Frozen Ramparts
  1043 | D:1      | Learned a level 3 spell: Ozocubu's Armour
  1997 | D:2      | Found an iron altar of Okawaru.
  2588 | D:2      | Reached XP level 4. HP: 21/24 MP: 9/12
  2973 | D:2      | Reached skill level 6 in Ice Magic
  3213 | D:3      | Found Daejoceo's Magic Scroll Emporium.
  3580 | D:3      | Reached XP level 5. HP: 28/28 MP: 5/13
  3935 | D:3      | Reached skill level 7 in Ice Magic
  3942 | D:3      | Learned a level 4 spell: Hailstorm
  4089 | D:4      | Noticed an ogre
  4140 | D:4      | Noticed a centaur
  4444 | D:4      | Killed a centaur
  4445 | D:4      | Reached skill level 1 in Conjurations
  4445 | D:4      | Reached XP level 6. HP: 18/32 MP: 4/14
  4450 | D:4      | HP: 1/32 [orc priest/divine providence (11)]
  4768 | D:3      | Reached skill level 8 in Ice Magic
  4831 | D:4      | HP: 1/32 [orc priest/divine providence (17)]
  4832 | D:4      | Killed from afar by an orc priest

Illustrated notes

Levels and vault maps discovered:
D:1:      roderic_crop_circles_arrival_small, layout_basic,
          nicolae_ecumenical_snake_handling, serial_forest,
          infiniplex_forest_clump_medium, infiniplex_forest_straight_2,
          infiniplex_forest_end_2, infiniplex_forest_straight_4,
          infiniplex_forest_split, infiniplex_forest_lined_4_way,
          infiniplex_forest_clump_C, minmay_tall_x
D:2:      minmay_razor_zed, layout_loops_ring, basic_altar, serial_bayou_pond_b
D:3:      layout_basic, serial_shops, nicolae_shop_statue_plus,
          serial_bayou_pond_c
D:4:      minmay_chambers_of_threes, layout_rooms

Skill      XL: |  1  2  3  4  5  6 |
---------------+-------------------+-----
Ice Magic      | 5 6 7 8 |  8.0
Spellcasting   | 4 |  4.0
Conjurations   | 1 |  1.4
Dodging        | |  2.4
Stealth        | |  2.4

Action                   |  1- 3 |  4- 6 || total
-------------------------+-------+-------++-------
Melee: Unarmed           |     1 |       ||     1
       Dagger            |    33 |     2 ||    35
       Punch             |     3 |       ||     3
Throw: Dart              |     4 |       ||     4
       Boomerang         |       |     3 ||     3
 Cast: Freeze            |    45 |    54 ||    99
       Frozen Ramparts   |     4 |     7 ||    11
       Ozocubu's Armour  |     1 |     6 ||     7
 Stab: Sleeping          |     5 |     1 ||     6
Armor: Robe              |     2 |    11 ||    13
Dodge: Dodged            |    25 |    39 ||    64
       Repelled          |       |     1 ||     1
